 Dungeon Sprint DCSS version 0.29.1-2-gbd0b4ee654 (webtiles) character file.

Game seed: 8452434050094142003

973 Groucho the Jinx (level 7, -1/34 HPs)
             Began as a Felid Enchanter on Nov 8, 2022.
             Slain by a boulder beetle (31 damage)
             ... in the Dungeon (Sprint II: "The Violet Keep of Menkaure").
             The game lasted 00:02:25 (490 turns).

Groucho the Jinx (Felid Enchanter)                   Turns: 490, Time: 00:02:26

Health: -1/34      AC:  2    Str:  6    XL:     7   Next: 94%
Magic:  9/16       EV: 25    Int: 16    God:
Gold:   486        SH:  0    Dex: 17    Spells: 9/17 levels left
                                        Lives:  0   Deaths: 2

rFire   . . .      SeeInvis +     - Unarmed
rCold   . . .      Faith    .   (shield unavailable)
rNeg    . . .      Spirit   .   (body armour unavailable)
rPois   .          Reflect  .   (helmet unavailable)
rElec   .          Harm     .   (cloak unavailable)
rCorr   .          Rampage  .   (gloves unavailable)
Will    +....      NoTele   +   (boots unavailable)
Stlth   +++++.....              (no amulet)
HPRegen 0.11/turn               (no ring)
MPRegen 0.15/turn               (no ring)

@: quick
A: very small, claws 1, fangs 3, see invisible, speed 1, shaggy fur 2, stealthy
paws, no weapons or thrown items, no armour, multi-lived
a: no special abilities


You were in the Dungeon.
You visited 1 branch You collected 486 gold pieces.

Inventory:

Scrolls
 g - a scroll of blinking
Potions
 a - a potion of invisibility
 b - a potion of curing
 e - 2 potions of magic
 f - a potion of berserk rage


   Skills:
 + Level 5.8 Fighting
 * Level 11.4 Dodging
 * Level 12.6 Stealth
 * Level 8.6 Unarmed Combat
 + Level 5.8 Spellcasting
 * Level 12.8 Hexes


You had 9 spell levels left.
You knew the following spells:

 Your Spells              Type           Power      Damage    Failure   Level
a - Ensorcelled Hibernat  Hex/Ice        50%        N/A       1%          2
b - Confusing Touch       Hex            45%        N/A       1%          3
c - Dazzling Flash        Conj/Hex       50%        N/A       3%          3

Your spell library contained the following spells:

 Spells                   Type           Power      Damage    Failure   Level
 Tukima's Dance           Hex            45%        N/A       1%          3


Dungeon Overview and Level Annotations

Branches:
Dungeon (1/1)

Altars:


Innate Abilities, Weirdness & Mutations

You have sharp claws.
You have razor-sharp teeth.
You have supernaturally acute eyesight. (SInv)
You cover ground quickly. (Speed+)
You are covered in thick fur. (AC +2)
Your paws help you pounce on unaware monsters.
You are incapable of wielding weapons or throwing items.
You cannot wear armour.
You gain extra lives every three experience levels.


Message History

* * * LOW HITPOINT WARNING * * *
The boulder beetle bites you!
You die...
You are now level 6!
You rejoin the land of the living...
Unknown command.
There is an open door here.
Casting: Ensorcelled Hibernation (safe; 1% risk of failure)
Confirm with . or Enter, or press ? or * to list all spells.
Aiming: Ensorcelled Hibernation (safe; 1% risk of failure)
Press: ? - help, Shift-Dir - straight line, f/p - boulder beetle
Aim: a boulder beetle (severely wounded, chance to affect: 37%)
The boulder beetle looks drowsy...
The boulder beetle leaps!
Casting: Ensorcelled Hibernation (safe; 1% risk of failure)
Confirm with . or Enter, or press ? or * to list all spells.
Aiming: Ensorcelled Hibernation (safe; 1% risk of failure)
Press: ? - help, Shift-Dir - straight line, f/p - boulder beetle
Aim: a boulder beetle (severely wounded, chance to affect: 37%)
The boulder beetle easily resists.
The boulder beetle bites you.
Casting: Ensorcelled Hibernation (safe; 1% risk of failure)
Confirm with . or Enter, or press ? or * to list all spells.
Aiming: Ensorcelled Hibernation (safe; 1% risk of failure)
Press: ? - help, Shift-Dir - straight line, f/p - boulder beetle
Aim: a boulder beetle (severely wounded, chance to affect: 37%)
The boulder beetle looks drowsy...
The helpless boulder beetle fails to defend itself.
You eviscerate the boulder beetle!!!!
You kill the boulder beetle!
Your Dodging skill increases to level 11!
Your Stealth skill increases to level 12!
Your Unarmed Combat skill increases to level 8!
Your Hexes skill increases to level 12!
Welcome back to level 7!
Unknown command.
There is an open door here.
The helpless boulder beetle fails to defend itself.
You eviscerate the boulder beetle!!!
The boulder beetle is severely wounded.
The boulder beetle bites you!!
Ouch! That really hurt!
You die...

##+## ##$#.##
#..#..#
####B#.# ##
#.###@###.#
##.÷##.##.#
+.##'.<.'###+
##..##.##.#.#
#.###'###†#
####...####
#..#..#
##.).## ##+##


You could see a boulder beetle.

Vanquished Creatures
  A boulder beetle (D)
  A merfolk siren (D)
  2 wyverns (D)
  4 scorpions (D)
8 creatures vanquished.

Notes
Turn   | Place    | Note
-------+----------+-------------------------------------------
     0 | D        | Groucho the Felid Enchanter began the quest for the Orb.
     0 | D        | Reached XP level 1. HP: 7/7 MP: 4/4
     3 | D        | Noticed a scorpion
     3 | D        | Noticed a scorpion
     3 | D        | Noticed a scorpion
     3 | D        | Noticed a scorpion
    12 | D        | Killed a scorpion
    13 | D        | Reached skill level 1 in Fighting
    13 | D        | Reached skill level 5 in Dodging
    13 | D        | Reached XP level 2. HP: 13/13 MP: 4/6
    13 | D        | Reached XP level 3. HP: 16/16 MP: 5/8
    14 | D        | Killed a scorpion
    15 | D        | Reached XP level 4. HP: 20/20 MP: 5/9
    17 | D        | Killed a scorpion
    18 | D        | Reached XP level 5. HP: 24/24 MP: 5/11
    19 | D        | Reached skill level 5 in Unarmed Combat
    28 | D        | Noticed a boulder beetle
    28 | D        | Noticed a boulder beetle
    31 | D        | Noticed a wyvern
    31 | D        | Noticed a wyvern
    48 | D        | Mangled by a wyvern
    49 | D        | Reached XP level 4. HP: -7/21 MP: 7/10
    52 | D        | Learned a level 2 spell: Ensorcelled Hibernation
    56 | D        | Learned a level 3 spell: Confusing Touch
    60 | D        | Learned a level 3 spell: Dazzling Flash
    62 | D        | Noticed a merfolk siren
    70 | D        | Killed a merfolk siren
    71 | D        | Reached skill level 10 in Stealth
    71 | D        | Reached skill level 10 in Hexes
    71 | D        | Reached XP level 5. HP: 13/25 MP: 9/13
    71 | D        | Gained mutation: You are covered in thick fur. (AC +2)
                  | [Felid growth]
    71 | D        | Reached XP level 6. HP: 16/29 MP: 9/14
    82 | D        | Killed a wyvern
    83 | D        | Reached skill level 5 in Spellcasting
    83 | D        | Reached XP level 7. HP: 19/33 MP: 7/15
   466 | D        | Killed a wyvern
   467 | D        | Reached skill level 5 in Fighting
   467 | D        | Reached skill level 10 in Dodging
   481 | D        | Mangled by a boulder beetle
   482 | D        | Reached XP level 6. HP: -6/30 MP: 11/14
   487 | D        | Killed a boulder beetle
   488 | D        | Reached XP level 7. HP: 30/34 MP: 8/16
   490 | D        | Slain by a boulder beetle

Illustrated notes

Levels and vault maps discovered:
D:        the_violet_keep_of_menkaure [sprint2_stairs_cluster_1,
          sprint2_shoproom, sprint2_temple, sprint2_basic_supplies,
          sprint2_obstacle_5, sprint2_obstacle_2, sprint2_obstacle_1,
          sprint2_obstacle_4, sprint2_obstacle_7, sprint2_timed_cluster_1,
          sprint2_smallroom_cluster_1, sprint2_smallroom_final_cluster_1,
          sprint2_transparent_cluster_1, sprint2_second_timed_cluster_1,
          sprint2_sniper_area_1, sprint2_heavy_combat_area_1,
          sprint2_mutation_trap_area_1, sprint2_forest_area_1,
          sprint2_light_combat_area_1, sprint2_behind_water_1,
          sprint2_near_end_vault_1]

Skill      XL: |  1  2  3  4  5  6  7 |
---------------+----------------------+-----
Fighting       | 1 2 4 5 |  5.8
Dodging        | 5 6 9 7 11 10 | 11.4
Stealth        | 6 7 10 8 12 | 12.6
Unarmed Combat | 3 4 6 5 8 |  8.6
Hexes          | 6 7 10 12 | 12.8
Spellcasting   | 3 4 5 |  5.8

Action                   |  1- 3 |  4- 6 |  7- 9 || total
-------------------------+-------+-------+-------++-------
Melee: Unarmed           |     9 |    19 |     3 ||    31
       Bite              |       |     1 |       ||     1
 Cast: Confusing Touch   |       |     1 |       ||     1
       Ensorcelled Hiber |       |     5 |     2 ||     7
  Use: Potion            |     2 |     1 |       ||     3
 Stab: Invisible         |     3 |       |       ||     3
       Sleeping          |     1 |     4 |     3 ||     8
       Confused          |       |     2 |       ||     2
Dodge: Dodged            |     8 |     8 |     1 ||    17
